 Dungeon Crawl Stone Soup version 0.31-a0-1110-gab2881137f (webtiles) character file.

Game seed: 1580386268761829518

42 Cyberpsycho the Twirler (level 3, -3/31 HPs)
             Began as a Minotaur Gladiator on Dec 3, 2023.
             Slain by a scorpion (5 damage)
             ... on level 3 of the Dungeon.
             The game lasted 00:01:37 (1815 turns).

Cyberpsycho the Twirler (Minotaur Gladiator)        Turns: 1815, Time: 00:01:38

Health: -3/31      AC:  3    Str: 18    XL:     3   Next: 35%
Magic:  2/2        EV: 12    Int:  5    God:
Gold:   44         SH:  0    Dex: 13    Spells: 2/2 levels left

rFire   . . .        a - +0 quarterstaff
rCold   . . .        (shield currently unavailable)
rNeg    . . .        b - +0 leather armour
rPois   .            c - +0 hat
rElec   .            (no cloak)
rCorr   .            (no gloves)
SInv    .            (no boots)
Will    .....        (no amulet)
Stlth   +            (no ring)
HPRegen 0.25/turn    (no ring)
MPRegen 0.08/turn

%: no passive effects
@: lethally poisoned (-3 -> -15)
A: horns 2, retaliatory headbutt
a: no special abilities


You were on level 3 of the Dungeon.
You visited 1 branch of the dungeon, and saw 3 of its levels.

You collected 44 gold pieces.

Inventory:

Hand Weapons
 a - a +0 quarterstaff (weapon)
Missiles
 d - 3 throwing nets (quivered)
 e - a javelin
Armour
 b - a +0 leather armour (worn)
 c - a +0 hat (worn)
Jewellery
 m - a ring of positive energy
Scrolls
 f - a scroll of vulnerability {unknown}
 g - a scroll of noise {unknown}
 h - a scroll of identify {unknown}
 i - a scroll of brand weapon {unknown}
 k - a scroll of poison {unknown}
Potions
 j - a potion of heal wounds {unknown}
 l - a potion of magic


   Skills:
 + Level 3.1 Fighting
 + Level 4.1 Staves
 - Level 2.0 Throwing
 + Level 1.6 Armour
 + Level 3.7 Dodging


You had 2 spell levels left.
You didn't know any spells.
Your spell library contained the following spells:

 Spells                   Type           Power      Damage    Failure   Level
 Apportation              Tloc           0%         N/A       54%         1
 Necrotise                Necr           0%         1d4       54%         1
 Summon Small Mammal      Summ           0%         N/A       54%         1
 Jinxbite                 Hex            0%         N/A       67%         2
 Inner Flame              Hex/Fire       0%         N/A       88%         3
 Summon Guardian Golem    Hex/Summ       0%         N/A       88%         3
 Alistair's Intoxication  Tmut/Pois      0%         N/A       100%        5
 Yara's Violent Unravell  Hex/Tmut       0%         3d3       100%        5
 Enfeeble                 Hex            0%         N/A       100%        7
 Orb of Destruction       Conj           0%         9d5       100%        7
 Spellforged Servitor     Conj/Summ      0%         N/A       100%        7


Dungeon Overview and Level Annotations

Branches:
Dungeon (3/15)

Altars:


Innate Abilities, Weirdness & Mutations

You have a pair of horns on your head.
You reflexively headbutt those who attack you in melee.


Message History

You sock the jackal!
You kill the jackal!
You feel sick.
You hit the jackal.
The jackal is moderately wounded.
You feel sick. The jackal closely misses you. You furiously retaliate!
You headbutt the jackal!
You kill the jackal!
You hit the kobold. You headbutt the kobold.
You kill the kobold!
You feel sick.
A scorpion comes into view.
Found a book of Touch.
Found a stone staircase leading down.
You feel sick.
Items here: ( ) ††.
You feel sick.
Found 6 stones.
Found an escape hatch in the floor.
You feel sick.
You feel sick.
You are no longer poisoned.
The scorpion stings you. x2
You are too injured to fight recklessly!
You are too injured to fight recklessly!
You are too injured to fight recklessly!
You hit the scorpion but do no damage. You headbutt the scorpion.
The scorpion is lightly wounded.
The scorpion stings you.
You are lethally poisoned!
The scorpion poisons you!
You barely miss the scorpion.
The scorpion is lightly wounded.
* * * LOW HITPOINT WARNING * * *
You feel very sick. The scorpion stings you.
* * * LOW HITPOINT WARNING * * *
You are more poisoned.
The scorpion poisons you!
It was a potion of magic.
Magic courses through your body.
* * * LOW HITPOINT WARNING * * *
You feel very sick. The scorpion stings you.
You die...

#..#...#.... ..#......#
#.#..?...# .
####.###....# ..
#...........# ..
#...........# #####.###
#..........†###........
#.<.........)..........
#............#.@s......
#.......#....#.........
#.......#....##........
#.......##.#.##........
#..........#.##....>...
#.......####.##........
#.......# #:##......(.
#.>......


You could see a scorpion.

Vanquished Creatures
  A worm (D:3)
  A dart slug (D:2)
  7 endoplasms
  A giant cockroach (D:1)
  2 goblins (D:2)
  3 hobgoblins
  3 jackals (D:3)
  2 quokkas (D:2)
  4 ball pythons
  A bat (D:1)
  A frilled lizard (D:1)
  4 kobolds
  4 rats
34 creatures vanquished.

Notes
Turn   | Place    | Note
-------+----------+-------------------------------------------
     0 | D:1      | Cyberpsycho the Minotaur Gladiator began the quest for the
                  | Orb.
     0 | D:1      | Reached XP level 1. HP: 18/18 MP: 0/0
   390 | D:1      | Reached XP level 2. HP: 25/25 MP: 1/1
   727 | D:2      | Reached skill level 1 in Armour
  1057 | D:2      | Found a faded altar of an unknown god.
  1058 | D:2      | Noticed a golden eye
  1063 | D:2      | Noticed a shining eye
  1063 | D:2      | Noticed a great orb of eyes
  1063 | D:2      | Noticed a glass eye
  1084 | D:2      | Reached skill level 4 in Staves
  1352 | D:2      | Reached XP level 3. HP: 31/31 MP: 2/2
  1808 | D:3      | Noticed a scorpion
  1815 | D:3      | Slain by a scorpion

Illustrated notes

Levels and vault maps discovered:
D:1:      dpeg_arrival_tiny_a, layout_basic
D:2:      layout_basic, hellmonk_ecumenical_altar_watching_god
D:3:      layout_basic, nicolae_uskayaw_dance_hall, minmay_fractal_squares_5

Skill      XL: |  1  2 |
---------------+-------+-----
Armour         | 1 |  1.6
Staves         | 4 |  4.1
Fighting       | 3 |  3.1
Throwing       | |  2.0
Dodging        | |  3.7

Action                     || total
---------------------------++-------
  Melee: Quarterstaff      ||    64
         Headbutt          ||    10
    Use: Potion            ||     1
 Armour: Leather armour    ||    29
  Dodge: Dodged            ||    37

Table legend: (Time is in decaauts)
 A = Elapsed time spent in this place.
 B = Non-inter-level travel time spent in this place.
 C = Inter-level travel time spent in this place.
 D = Time resting spent in this place.
 E = Time spent auto-exploring this place.
 F = Levels seen in this place.
 G = Mean time per level.
                   A        B        C        D        E       F      G
               +--------+--------+--------+--------+--------+-----+--------+
         Total |   1821 |   1782 |     39 |      0 |   1565 |   3 |  607.0 |
       Dungeon |   1821 |   1782 |     39 |      0 |   1565 |   3 |  607.0 |
               +--------+--------+--------+--------+--------+-----+--------+

Top non-repeatable levels by time:
     D:2: 1122 daAuts
     D:1: 674 daAuts
     D:3: 24 daAuts
